 Dungeon Crawl Stone Soup version 0.28.0-1-gb440e238dd (webtiles) character file.

Game seed: 4254958019315704980

660 fragbeetle the Changer (level 7, 0/52 HPs)
             Began as a Yellow Draconian Transmuter on Feb 25, 2022.
             Succumbed to a water moccasin's poison
             ... on level 5 of the Dungeon.
             The game lasted 00:07:20 (5131 turns).

fragbeetle the Changer (DrTm)                       Turns: 5131, Time: 00:07:21

Health: 0/52       AC:  2    Str: 15    XL:     7   Next: 30%
Magic:  8/10       EV: 19    Int: 13    God:
Gold:   67         SH:  0    Dex: 16    Spells: 2/10 levels left

rFire   . . .      SeeInvis .     - Unarmed
rCold   . . .      Faith    .   (shield currently unavailable)
rNeg    . . .      Spirit   .   (armour unavailable)
rPois   x          Reflect  .   (helmet currently unavailable)
rElec   .          Harm     .   (cloak currently unavailable)
rCorr   .          Rampage  .   (gloves currently unavailable)
Will    .....                   (boots currently unavailable)
Stlth   +.........              (no amulet)
HPRegen 0.17/turn               (no ring)
MPRegen 0.12/turn               (no ring)

@: lethally poisoned (0 -> -13), spider-form
A: venomous fangs, (spit acid), AC +6, tiny, unfitting armour, (cold-blooded),
(acid resistance)
a: End Transformation


You were on level 5 of the Dungeon.
You were a venomous arachnid creature.
You visited 1 branch of the dungeon, and saw 5 of its levels.

You collected 95 gold pieces.
You spent 28 gold pieces at shops.

Inventory:

Hand Weapons
 f - a +3 short sword (melded)
Missiles
 g - 5 boomerangs (quivered)
 t - 7 poisoned darts
Armour
 l - the +0 pair of gloves of Action (melded) {+Blink rElec rF+ rC+}
   (You found it on level 3 of the Dungeon)

   rF:        It protects you from fire.
   rC:        It protects you from cold.
   rElec:     It insulates you from electricity.
   +Blink:    It lets you blink.
Jewellery
 e - an amulet of magic regeneration
Wands
 r - a wand of mindburst (11)
Scrolls
 a - a scroll of enchant armour {unknown}
 c - 2 scrolls of blinking {unknown}
 d - 2 scrolls of teleportation {unknown}
 h - a scroll of fog {unknown}
 i - a scroll of immolation {unknown}
 j - a scroll of torment {unknown}
 k - a scroll of enchant weapon {unknown}
 o - a scroll of noise {unknown}
 q - 2 scrolls of magic mapping {unknown}
Potions
 b - 2 potions of curing
 m - a potion of mutation {unknown}
 n - a potion of flight {unknown}
 p - 2 potions of brilliance {unknown}
 s - a potion of heal wounds {unknown}


   Skills:
 - Level 1.1 Fighting
 - Level 1.7 Dodging
 - Level 3.0 Unarmed Combat
 - Level 2.0 Spellcasting
 + Level 7.5 Transmutations
 + Level 0.0 Ice Magic
 - Level 3.0 Poison Magic


You had 2 spell levels left.
You knew the following spells:

 Your Spells              Type           Power      Damage    Failure   Level
a - Beastly Appendage     Tmut           42%        N/A       5%          1
b - Spider Form           Tmut/Pois      15%        N/A       22%         3
c - Ice Form              Ice/Tmut       11%        N/A       69%         4

Your spell library contained the following spells:

 Spells                   Type           Power      Damage    Failure   Level
 Wereblood                Tmut           21%        N/A       7%          2
 Ignite Poison            Fire/Tmut/Pois 10%        N/A       38%         3
 Conjure Flame            Conj/Fire      1%         6-21      78%         3
 Sticky Flame             Conj/Fire      1%         2d3       98%         4


Dungeon Overview and Level Annotations

Branches:
Dungeon (5/15)
 Temple: D:4-7

Altars:
Gozag
Kikubaaqudgha
Sif Muna
Vehumet

Shops:
D:3 ?

Annotations:
D:5 Edmund


Innate Abilities, Weirdness & Mutations

You are a venomous arachnid creature.
You have poisonous fangs.
You are tiny and dextrous.
Your spellcasting is less reliable in this form.
Your armour is entirely melded.
You are incapable of wielding weapons or throwing items.
((You can spit globs of acid.))
((Your golden yellow scales are hard. (AC +6)))
You cannot fit into any form of body armour.
((You are cold-blooded and may be slowed by cold attacks.))
((You are resistant to acid. (rCorr)))


Message History

The water moccasin barely misses you.
You hit the water moccasin.
The water moccasin is lightly wounded.
The water moccasin misses you.
You hit the water moccasin but do no damage.
The water moccasin is lightly wounded.
The water moccasin bites you. x2
You hit the water moccasin.
The water moccasin is moderately wounded.
The water moccasin bites you.
You closely miss the water moccasin.
The water moccasin is moderately wounded.
The water moccasin misses you.
You barely miss the water moccasin.
The water moccasin is moderately wounded.
The water moccasin barely misses you. The water moccasin closely misses you.
You hit the water moccasin.
The water moccasin is moderately wounded.
The water moccasin barely misses you.
You closely miss the water moccasin.
The water moccasin is moderately wounded.
The water moccasin barely misses you. The water moccasin bites you!
You are lethally poisoned!
The water moccasin poisons you!
You hit the water moccasin but do no damage.
The water moccasin is moderately wounded.
You feel extremely sick.
The water moccasin completely misses you.
You hit the water moccasin.
The water moccasin is heavily wounded.
You feel very sick. The water moccasin bites you!
* * * LOW HITPOINT WARNING * * *
* * * LOW HITPOINT WARNING * * *
You feel very sick. The water moccasin bites you.
* * * LOW HITPOINT WARNING * * *
* * * LOW HITPOINT WARNING * * *
You feel very sick.
You die...

..###....................
.........................
≈≈≈≈≈....................
≈≈≈≈≈≈...........<.......
..._≈≈...................
≈≈≈≈≈≈....###............
≈≈≈≈≈...## ##.........##
........S######..###..##
######....s.#...## ..#
##.####..##.# .# #..
#.##### .# ### ###


You could see a water moccasin.

Vanquished Creatures
  A black bear (D:4)
  2 ogres (D:4)
  2 scorpions
  3 hounds (D:3)
  A centaur skeleton (D:3)
  An iguana (D:3)
  A hound skeleton (D:4)
  A howler monkey zombie (D:4)
  5 adders
  A gnoll (D:3)
  An ufetubus (D:3)
  A worm (D:2)
  5 dart slugs
  2 orcs (D:3)
  3 ball pythons
  2 endoplasms
  3 giant cockroaches
  3 goblins
  6 hobgoblins
  4 jackals (D:2)
  11 kobolds
  A quokka (D:2)
  3 bats
  2 frilled lizards
  5 rats
70 creatures vanquished.

Vanquished Creatures (others)
  4 plants (D:1)
4 creatures vanquished.

Grand Total: 74 creatures vanquished

Notes
Turn   | Place    | Note
-------+----------+-------------------------------------------
     0 | D:1      | fragbeetle the Draconian Transmuter began the quest for the
                  | Orb.
     0 | D:1      | Reached XP level 1. HP: 16/16 MP: 3/3
   400 | D:1      | Reached XP level 2. HP: 22/23 MP: 3/5
   417 | D:1      | Reached skill level 3 in Transmutations
  1260 | D:2      | Reached XP level 3. HP: 14/28 MP: 4/6
  1493 | D:2      | Learned a level 3 spell: Spider Form
  1600 | D:2      | You fall into a shaft and drop 2 floors!
  1623 | D:3      | Noticed a scorpion
  1623 | D:3      | Found Sugim's Magic Scroll Shoppe.
  1908 | D:2      | Reached skill level 4 in Transmutations
  2127 | D:2      | Found a radiant altar of Vehumet.
  2152 | D:2      | Found a faded altar of an unknown god.
  2228 | D:2      | Reached XP level 4. HP: 21/35 MP: 7/7
  2649 | D:3      | Found an opulent altar of Gozag.
  2657 | D:3      | Identified the +0 pair of gloves of Action {+Blink rElec
                  | rF+ rC+}
  3138 | D:3      | Killed a scorpion
  3139 | D:3      | Reached skill level 5 in Transmutations
  3139 | D:3      | Reached XP level 5. HP: 11/40 MP: 8/8
  3377 | D:3      | Learned a level 4 spell: Ice Form
  3395 | D:3      | Bought a scroll of identify for 28 gold pieces
  3731 | D:3      | Reached skill level 1 in Poison Magic
  4255 | D:3      | Reached skill level 6 in Transmutations
  4255 | D:3      | Reached XP level 6. HP: 29/47 MP: 9/9
  4787 | D:4      | Reached skill level 7 in Transmutations
  4787 | D:4      | Your scales start taking on a golden yellow colour.
  4787 | D:4      | Reached XP level 7. HP: 35/52 MP: 4/10
  4787 | D:4      | Gained mutation: You are resistant to acid. (rCorr) [Yellow
                  | Draconian growth]
  4836 | D:4      | Found an ancient bone altar of Kikubaaqudgha.
  5069 | D:5      | Entered Level 5 of the Dungeon
  5069 | D:5      | Noticed Edmund
  5111 | D:5      | Found a shimmering blue altar of Sif Muna.
  5131 | D:5      | Succumbed to a water moccasin's poison

Illustrated notes

Levels and vault maps discovered:
D:1:      amcnicky_arrival_double_pillar, layout_loops_ring,
          lexackson_kobold_supper
D:2:      layout_basic, shapermc_ecumenical_altar_totnotflames, basic_altar
D:3:      layout_basic, mainiacjoe_overflow_24_doors, serial_shops,
          nicolae_shop_stone, cheibrodos_gnoll_hut
D:4:      layout_rooms, kennysheep_mini
D:5:      layout_layer_cave, mainiacjoe_overflow_alcove_2,
          mainiacjoe_overflow_catwalk,
          mainiacjoe_overflow_concentric_impassable,
          minmay_temple_entry_junction_2, uniq_edmund, uniq_menkaure, uniq_ijyb

Skill      XL: |  1  2  3  4  5  6 |
---------------+-------------------+-----
Transmutations | 3 4 5 6 7 |  7.5
Poison Magic   | 1 3 |  3.0
Fighting       | |  1.1
Dodging        | |  1.7
Unarmed Combat | |  3.0
Spellcasting   | |  2.0

Action                   |  1- 3 |  4- 6 |  7- 9 || total
-------------------------+-------+-------+-------++-------
Melee: Unarmed           |    45 |    29 |    10 ||    84
       Kick              |    17 |    18 |       ||    35
       Headbutt          |    11 |    10 |     1 ||    22
       Tailslap          |     7 |    10 |       ||    17
       Short sword       |    57 |    81 |     6 ||   144
       Punch             |     1 |     4 |       ||     5
Throw: Boomerang         |       |     2 |     3 ||     5
 Cast: Beastly Appendage |    22 |    15 |     1 ||    38
       Spider Form       |       |     4 |     1 ||     5
 Abil: Breathe Acid      |       |       |     1 ||     1
  Use: Scroll            |       |     1 |       ||     1
Armor: Skin              |    43 |    70 |     3 ||   116
Dodge: Dodged            |    77 |   111 |    11 ||   199
